 Dungeon Crawl Stone Soup version 0.31-a0-986-g5e6e4ef867 (webtiles) character file.

Game seed: 10534695937548414579

3496 Persephone the Cleaver (level 9, -1/91 (94) HPs)
             Began as a Demonspawn Berserker on Nov 13, 2023.
             Was a Priest of Trog.
             Slain by a wight
             ... wielding a +5 spear of freezing
              (7 damage)
             ... on level 7 of the Dungeon.
             The game lasted 00:08:34 (5651 turns).

Persephone the Cleaver (Demonspawn Berserker)       Turns: 5651, Time: 00:08:34

HP:   -1/91 (94)    AC: 11    Str: 21    XL:     9   Next: 80%
MP:   9/9           EV:  7    Int:  9    God:    Trog [***...]
Gold: 240           SH:  7    Dex: 13    Spells: 8/8 levels left

rFire   . . .        G - +0 war axe (flame)
rCold   . . .        l - +0 kite shield
rNeg    . . .        h - +1 chain mail
rPois   .            (helmet restricted)
rElec   .            q - +0 cloak
rCorr   +            (no gloves)
SInv    .            m - +0 pair of boots
Will    ++...        (no amulet) Stlth
                     o - ring of resist corrosion
HPRegen 1.35/turn    (no ring)
MPRegen 0.11/turn

%: no passive effects
@: berserking, lethally poisoned (-1 -> -3), strong-willed, regenerating,
hasted, lightly drained, very quick
A: antennae 2, demonic guardian 2, powered by pain 1
a: Renounce Religion, Berserk, Trog's Hand


You were on level 7 of the Dungeon.
You worshipped Trog.
Trog was most pleased with you.
You visited 1 branch of the dungeon, and saw 7 of its levels.

You collected 240 gold pieces.

Inventory:

Hand Weapons
 a - a +0 war axe of venom
 E - a +1 war axe
 G - a +0 war axe of flaming (weapon)
Missiles
 t - 4 javelins
Armour
 h - a +1 chain mail (worn)
 l - a +0 kite shield (worn)
 m - a +0 pair of boots (worn)
 q - a +0 cloak (worn)
Jewellery
 e - an amulet of faith
 g - an amulet of magic regeneration
 o - a ring of resist corrosion (left hand)
 I - a ring of willpower
Wands
 r - a wand of mindburst (12)
 w - a wand of polymorph (9)
 y - a wand of flame (13)
 F - a wand of charming (10)
Scrolls
 b - 2 scrolls of identify
 c - a scroll of silence
 j - a scroll of fear
 x - 2 scrolls of teleportation
 C - 3 scrolls of enchant armour
 H - a scroll of summoning
Potions
 d - 3 potions of enlightenment {unknown}
 f - a potion of haste
 i - a potion of might
 k - a potion of attraction {unknown}
 n - a potion of lignification {unknown}
 p - a potion of berserk rage {unknown}
 s - 2 potions of degeneration {unknown}
 u - a potion of ambrosia {unknown}
 v - a potion of cancellation {unknown}
 z - 2 potions of mutation
 A - 4 potions of brilliance
 B - a potion of invisibility {unknown}
 D - 2 potions of curing {unknown}


   Skills:
 - Level 3.0 Fighting
 + Level 13.1 Axes
 - Level 1.7 Armour
 - Level 1.7 Dodging


You had 8 spell levels left.
You didn't know any spells.
Your spell library was empty.

Dungeon Overview and Level Annotations

Branches:
Dungeon (7/15)             Temple (0/1) D:7

Altars:

Shops:
D:1 (?*

Annotations:
D:3 3 runed translucent doors, kaesle's ghost, amateur HOFi
D:7 Menkaure


Innate Abilities, Weirdness & Mutations

You have a pair of antennae on your head.
A demonic guardian rushes to your aid.
You sometimes gain a little power by taking damage.


Message History

You feel strong-willed.
You feel sick. You block the killer bee's attack.
The killer bee stings you but does no damage.
The wight hits you from afar with a +5 spear of freezing.
You feel drained.
* * * LOW HITPOINT WARNING * * *
The wight freezes you.
* * * LOW HITPOINT WARNING * * *
A red film seems to cover your vision as you go berserk!
You feel yourself moving faster!
You feel mighty!
You feel sick. You block the killer bee's attack.
The killer bee barely misses you. The wight hits you but does no damage.
The killer bee stings you but does no damage.
The orc throws a boomerang.
The boomerang hits you.
* * * LOW HITPOINT WARNING * * *
You feel a strong urge to attack something.
You block the killer bee's attack.
You slash the wight! You burn the wight.
The wight is almost destroyed.
You miss the killer bee. x2; You closely miss the orc.
You feel sick.
You are no longer poisoned.
The killer bee closely misses you. You block the wight's attack.
The killer bee stings you but does no damage.
You closely miss the wight.
The wight is almost destroyed.
You barely miss the killer bee. You slash the orc! You burn the orc.
You kill the orc!
Trog accepts your kill.
You slash the orc! You burn the orc.
You feel the power of Trog in you as your rage grows.
You kill the orc!
Trog accepts your kill.
You hit the killer bee. You burn the killer bee. The killer bee stings you!
* * * LOW HITPOINT WARNING * * *
You are poisoned.
The killer bee poisons you! The killer bee barely misses you.
The wight hits you with a +5 spear of freezing!
* * * LOW HITPOINT WARNING * * *
A demonic guardian appears!
The wight freezes you!
You die...

#...## #....# ##..##
..# ##...# #.. #....##
..# #.....### ..#
#..#....####.#
###..y4).....#
#...†y@zoo...#
#########...#####..z##
##.......##### ####.##
#........# ##.##
##...)...## #y.#
#........# ##y#
.........# #{o{yz#
........## #..{o{oz.#
........# .....{..#..#


You could see 2 killer bees, 2 wights, 2 orcs and a friendly rust devil
(summoned).

Vanquished Creatures
  Pikel (D:7)
  Jeremiah (D:6)
  Maggie (D:7)
  A steam dragon (D:7)
  A water moccasin (D:6)
  Duvessa (D:7)
  An ogre (D:5)
  2 centaurs
  4 lemures (D:7)
  A phantom (D:5)
  3 bullfrogs
  4 scorpions
  5 wights (D:7)
  Dowan (D:7)
  3 killer bees (D:7)
  5 hounds
  2 jellies (D:6)
  3 orc priests
  A gnoll bouda (D:6)
  3 orc wizards
  4 iguanas
  Natasha (twice) (D:2)
  Robin (D:2)
  8 gnolls
  5 adders
  A shadow imp (D:6)
  2 ufetubi (D:5)
  A worm (D:3)
  A dart slug (D:4)
  28 orcs
  3 ball pythons
  6 bats
  3 endoplasms
  7 goblins
  14 hobgoblins
  5 jackals
  2 quokkas
  2 frilled lizards
  4 kobolds
  6 rats
149 creatures vanquished.

Vanquished Creatures (collateral kills)
  A phantom (D:4)
  A killer bee (D:7)
  A hound (D:5)
  Natasha (D:2)
  2 orcs (D:7)
6 creatures vanquished.

Grand Total: 155 creatures vanquished

Notes
Turn   | Place    | Note
-------+----------+-------------------------------------------
     0 | D:1      | Persephone the Demonspawn Berserker began the quest for the
                  | Orb.
     0 | D:1      | Reached XP level 1. HP: 18/18 MP: 1/1
    29 | D:1      | Found Qasithest's General Store.
    42 | D:1      | Found Weih Duk's Magic Scroll Emporium.
    80 | D:1      | Reached skill level 3 in Axes
    85 | D:1      | Gained mutation: A weak demonic guardian rushes to your
                  | aid. [demonic ancestry]
    85 | D:1      | Reached XP level 2. HP: 23/24 MP: 2/2
   198 | D:1      | Found Suschypp's Weapon Emporium.
   558 | D:1      | Found Ogag Boj's Magic Scroll Emporium.
   818 | D:2      | Noticed Natasha
   824 | D:2      | Reached XP level 3. HP: 14/29 MP: 3/3
   827 | D:2      | HP: 1/29 [Natasha (4)]
   829 | D:2      | Killed Natasha
   829 | D:2      | Reached ** piety under Trog
   830 | D:2      | Reached skill level 4 in Axes
  1014 | D:2      | Noticed Natasha
  1023 | D:2      | Killed Natasha
  1024 | D:2      | Gained mutation: You sometimes gain a little power by
                  | taking damage. [demonic ancestry]
  1024 | D:2      | Reached XP level 4. HP: 27/35 MP: 4/4
  1057 | D:2      | Noticed Robin
  1073 | D:2      | Killed Robin
  1338 | D:2      | Noticed Natasha
  1355 | D:2      | Killed Natasha
  1356 | D:2      | Reached skill level 5 in Axes
  1425 | D:2      | Reached XP level 5. HP: 41/41 MP: 5/5
  1490 | D:2      | Found a faded altar of an unknown god.
  1734 | D:3      | Found a runed translucent gate.
  1734 | D:3      | Found a runed translucent gate.
  1734 | D:3      | Found a runed translucent gate.
  1973 | D:3      | Noticed kaesle's ghost (amateur HOFi)
  2457 | D:4      | Noticed a phantom
  2485 | D:4      | Killed a phantom
  2486 | D:4      | Reached skill level 6 in Axes
  2486 | D:4      | Gained mutation: You have a pair of small antennae on your
                  | head. [demonic ancestry]
  2486 | D:4      | Reached XP level 6. HP: 28/47 MP: 6/6
  3186 | D:4      | Reached skill level 7 in Axes
  3380 | D:5      | Entered Level 5 of the Dungeon
  3445 | D:5      | Gained mutation: You have a pair of antennae on your head.
                  | [demonic ancestry]
  3445 | D:5      | Reached XP level 7. HP: 52/52 MP: 7/7
  3693 | D:5      | Reached skill level 8 in Axes
  4213 | D:6      | Reached skill level 9 in Axes
  4213 | D:6      | Gained mutation: A demonic guardian rushes to your aid.
                  | [demonic ancestry]
  4213 | D:6      | Reached XP level 8. HP: 48/58 MP: 8/8
  4542 | D:6      | Noticed Jeremiah
  4553 | D:6      | Killed Jeremiah
  4554 | D:6      | Reached skill level 10 in Axes
  4939 | D:7      | Reached *** piety under Trog
  4940 | D:7      | Reached skill level 11 in Axes
  4942 | D:7      | Reached XP level 9. HP: 63/63 MP: 9/9
  5178 | D:7      | Noticed Duvessa
  5179 | D:7      | Noticed Dowan
  5187 | D:7      | Killed Duvessa
  5193 | D:7      | Killed Dowan
  5220 | D:7      | Found a staircase to the Ecumenical Temple.
  5440 | D:7      | Noticed Maggie
  5451 | D:7      | Killed Maggie
  5452 | D:7      | Reached skill level 12 in Axes
  5512 | D:7      | Noticed Pikel
  5529 | D:7      | Killed Pikel
  5623 | D:7      | Noticed Menkaure
  5634 | D:7      | Reached skill level 13 in Axes
  5651 | D:7      | Slain by a wight

Illustrated notes

Levels and vault maps discovered:
D:1:      dpeg_arrival_windows_large_door, layout_rooms, serial_shops,
          nicolae_shop_rolled_up, shop, nicolae_shop_behind_doors, shop,
          st_stairs_9, minmay_distorted
D:2:      layout_loops_ring, serial_glass, glass_columns_b, glass_columns_a,
          shapermc_ecumenical_altar_mp_highgroup, hex_large,
          hangedman_decor_points, corexii_hall_statues_l, supply_closet_lemuel,
          uniq_robin, uniq_natasha
D:3:      layout_basic, lemuel_crystal_altar, gammafunk_ghost_icy
D:4:      layout_loops_cross
D:5:      layout_rooms, minmay_misc_feat_cross, feat_on_display
D:6:      layout_loops_ring, kennysheep_generic_room_16, uniq_jeremiah
D:7:      layout_cave_pods, minmay_temple_entry_junction_2, uniq_pikel,
          uniq_menkaure, uniq_duvessa, uniq_maggie, uniq_crazy_yiuf_cottage

Skill      XL: |  1  2  3  4  5  6  7  8  9 |
---------------+----------------------------+-----
Axes           | 3 4 5 6 7 9 11 13 | 13.1
Fighting       | |  3.0
Armour         | |  1.7
Dodging        | |  1.7

Action                     |  1- 3 |  4- 6 |  7- 9 || total
---------------------------+-------+-------+-------++-------
  Melee: Hand axe          |    70 |    91 |       ||   161
         Punch             |     1 |       |       ||     1
         Unarmed           |     3 |     9 |       ||    12
         War axe           |       |    40 |   211 ||   251
 Invoke: Berserk           |     1 |     6 |     6 ||    13
         Trog's Hand       |       |       |     6 ||     6
    Use: Potion            |     1 |       |     1 ||     2
         Scroll            |       |    14 |     1 ||    15
 Armour: Animal skin       |    15 |       |       ||    15
         Chain mail        |    36 |   117 |   186 ||   339
         Skin              |     2 |     6 |       ||     8
  Dodge: Dodged            |    37 |    60 |    74 ||   171
  Block: Kite shield       |       |       |    98 ||    98

Table legend: (Time is in decaauts)
 A = Elapsed time spent in this place.
 B = Non-inter-level travel time spent in this place.
 C = Inter-level travel time spent in this place.
 D = Time resting spent in this place.
 E = Time spent auto-exploring this place.
 F = Levels seen in this place.
 G = Mean time per level.
                   A        B        C        D        E       F      G
               +--------+--------+--------+--------+--------+-----+--------+
         Total |   5809 |   5615 |    194 |      0 |   4549 |   7 |  829.9 |
       Dungeon |   5809 |   5615 |    194 |      0 |   4549 |   7 |  829.9 |
               +--------+--------+--------+--------+--------+-----+--------+

Top non-repeatable levels by time:
     D:2: 1054 daAuts
     D:6: 995 daAuts
     D:4: 945 daAuts
     D:3: 828 daAuts
     D:7: 748 daAuts
     D:1: 649 daAuts
     D:5: 586 daAuts
